AoeStats
← Heisenberg

Arabia

509878918Analyzed
1v1 RM · 3d ago on Sep 28, 2026· 25m 58s· 2 players
Game mode
Random Map
Map size
Tiny (2 player)
Population
200
Speed
Normal
Resources
Standard
Victory
Conquest
Starting age
Dark Age
Ending age
Imperial Age
RankedLock teamsTeams togetherTeam positionsShared explorationLock speedFull tech treeHidden civsTurbo modeCheats
Victory
Defeat
🇩🇪 Mongols · Germany
1524
+15
🇹🇼 Vikings · Taiwan
1509
-15
280465815tony
6:45 Loom
9:04 Feudal Age
11:10 Double-Bit Axe
21:43 Castle Age
19:35 Gold Mining
19:28 Horse Collar
20:51 Scale Barding Armor
20:56 Forging
22:55 Chain Barding Armor
23:14 Bow Saw
25:01 Town Watch
Heisenberg
7:41 Feudal Age
8:42 Double-Bit Axe
15:17 Loom
17:03 Stone Mining
21:22 Castle Age
21:09 Bloodlines
21:15 Scale Barding Armor
21:21 Forging
22:32 Bow Saw
22:38 Horse Collar
Connection lost

Rejoining the realm…

Still unreachable

The connection could not be restored.

Session expired

The server has moved on; the page needs a fresh start.